 Dungeon Crawl Stone Soup version 0.27.0-1-g7a089689b8 (webtiles) character file.

Game seed: 17639949133178160931

2 SnakkuSnakku7 the Vexing (level 1, -1/16 HPs)
             Began as a Draconian Arcane Marksman on Aug 7, 2021.
             Succumbed to a kobold's poison
             ... on level 1 of the Dungeon.
             The game lasted 00:00:33 (145 turns).

SnakkuSnakku7 the Vexing (Draconian Arcane Marksman) Turns: 145, Time: 00:00:33

Health: -1/16      AC:  4    Str: 12    XL:     1   Next: 33%
Magic:  2/2        EV: 12    Int: 13    God:
Gold:   8          SH:  0    Dex: 11    Spells: 1/2 levels left

rFire    . . .     SeeInvis .   a - +0 hand crossbow
rCold    . . .     Faith    .   (no shield)
rNeg     . . .     Spirit   .   (armour unavailable)
rPois    .         Reflect  .   (helmet restricted)
rElec    .         Harm     .   (no cloak)
rCorr    .         Rampage  .   (no gloves)
Will     .....                  (no boots)
Stlth    +.........             (no amulet)
HPRegen  0.05/turn              (no ring)
MPRegen  0.08/turn              (no ring)

@: lethally poisoned (-1 -> -9)
A: AC +4, unfitting armour, cold-blooded
a: no special abilities


You were on level 1 of the Dungeon.
You visited 1 branch of the dungeon, and saw 1 of its levels.

You collected 8 gold pieces.

Inventory:

Hand Weapons
 a - a +0 hand crossbow (weapon)
Missiles
 c - 16 bolts (quivered ammo)


   Skills:
 + Level 1.1 Fighting
 - Level 2.0 Crossbows
 - Level 1.7 Dodging
 - Level 1.0 Spellcasting
 - Level 2.6 Hexes


You had one spell level left.
You knew the following spells:

 Your Spells              Type           Power      Damage    Failure   Level
a - Corona                Hex            7%         N/A       10%         1

Your spell library contained the following spells:

 Spells                   Type           Power      Damage    Failure   Level
 Slow                     Hex            7%         N/A       14%         2
 Inner Flame              Hex/Fire       4%         N/A       43%         3
 Portal Projectile        Hex/Tloc       8%         N/A       43%         3
 Cause Fear               Hex            3%         N/A       67%         4


Dungeon Overview and Level Annotations

Branches:
Dungeon (1/15)

Altars:

Shops:
D:1 [


Innate Abilities, Weirdness & Mutations

Your plain brown scales are hard. (AC +4)
You cannot fit into any form of body armour.
You are cold-blooded and may be slowed by cold attacks.


Message History

You see here a +0 robe.
A giant cockroach comes into view.
You shoot a bolt. The bolt hits the giant cockroach.
The giant cockroach is almost dead.
You shoot a bolt. The bolt hits the giant cockroach.
You kill the giant cockroach!
No target in view!
c - 19 bolts (gained 1)
You see here a giant cockroach corpse.
c - 20 bolts (gained 1)
Found a stone staircase leading down.
Found 28 arrows.
There is a stone staircase leading down here.
You see here 28 arrows.
A kobold comes into view.
It is wielding a +0 short sword of venom.
The kobold shouts!
You shoot a bolt. The bolt hits the kobold.
The kobold is severely wounded.
You shoot a bolt.
The bolt hits the kobold but does no damage.
The kobold is severely wounded.
Found Ruidd's Armour Shop.
You shoot a bolt. The bolt closely misses the kobold.
The kobold hits you but does no damage.
You are poisoned.
The kobold hits you but does no damage.
You are lethally poisoned!
You shoot a bolt. The bolt hits the kobold!
You kill the kobold!
You feel extremely sick.
Your Crossbows skill increases to level 2!
No target in view!
You aren't carrying any potions.
Unknown command.
You feel very sick.
* * * LOW HITPOINT WARNING * * *
You feel very sick.
* * * LOW HITPOINT WARNING * * *
You feel sick.
You die...

#.#.## .....# ##. #.#..#
#.# #.. #.#.(# #.# #^#
#.#..# #.# #.# #.#.(#
#.# #.# #.#..## #.# #.#
#∩...)###.# #.#
#@###...#.######..
........# #..#.........#
#######.###.###........#
.........#.#########
#########.## ###


There were no monsters in sight!

Vanquished Creatures
  A giant cockroach (D:1)
  A kobold (D:1)
2 creatures vanquished.

Notes
Turn   | Place    | Note
-------+----------+-------------------------------------------
     0 | D:1      | SnakkuSnakku7 the Draconian Arcane Marksman began the quest
                  | for the Orb.
     0 | D:1      | Reached XP level 1. HP: 16/16 MP: 2/2
   139 | D:1      | Found Ruidd's Armour Shop.
   145 | D:1      | Succumbed to a kobold's poison

Illustrated notes

Levels and vault maps discovered:
D:1:      erik_arrival_orb_chamber, layout_loops_ring, serial_shops, shop

Skill      XL: |  1 |
---------------+----+-----
Crossbows      | 2 |  2.0
Fighting       | |  1.1
Dodging        | |  1.7
Spellcasting   | |  1.0
Hexes          | |  2.6

Action                   || total
-------------------------++-------
 Fire: Hand crossbow     ||     6
Armor: Skin              ||     2
